PAAA
PLYMOUTH ROCKS @ ALASKAN HUMPBACKS
08/29/2042
 
TOP OF THE 1ST
Plymouth Rocks batting - Pitching for Alaskan Humpbacks : RHP Javier Montés
Pitching: RHP Javier Montés
Batting: LHB You-liang Yang 0-0: Ball
1-0: Foul Ball, location: 2F
1-1: Foul Ball, location: 2F
1-2: Strikes out swinging
Batting: RHB Elias den Blick 0-0: Called Strike
0-1: Ball
1-1: Swinging Strike
1-2: Strikes out swinging
Batting: LHB Jesús Guillén 0-0: Called Strike
0-1: SINGLE (Groundball, 34, EV 103.8 MPH) (infield hit)
Batting: LHB Rafael Martínez 0-0: Foul Ball, location: 2F
0-1: Foul Ball, location: 2F
0-2: Foul Ball, location: 2F
0-2: Ball
1-2: Fielders Choice at 2nd, 6-4 (Groundball, 6, EV 108.8 MPH)
Top of the 1st over - 0 runs, 1 hit, 0 errors, 1 left on base; Plymouth 0 - Alaskan 0
BOTTOM OF THE 1ST
Alaskan Humpbacks batting - Pitching for Plymouth Rocks : RHP Sidney Petty
Pitching: RHP Sidney Petty
Batting: RHB Christiaan Bunschoten 0-0: Called Strike
0-1: Foul Ball, location: 2F
0-2: Ball
1-2: Ball
2-2: Fly out, F7 (Flyball, 7LM, EV 94.4 MPH)
Batting: LHB Pat Pending 0-0: Called Strike
0-1: Foul Ball, location: 2F
0-2: Foul Ball, location: 2F
0-2: Ball
1-2: Ground out 4-3 (Groundball, 4, EV 91.9 MPH)
Batting: LHB Teng Xuefeng 0-0: Called Strike
0-1: Ball
1-1: SOLO HOME RUN (Flyball, 7D, EV 97.5 MPH), Distance : 376 ft
Batting: LHB Marc Hayman 0-0: Called Strike
0-1: Foul Ball, location: 2F
0-2: Strikes out swinging
Bottom of the 1st over - 1 run, 1 hit, 0 errors, 0 left on base; Plymouth 0 - Alaskan 1
TOP OF THE 2ND
Plymouth Rocks batting - Pitching for Alaskan Humpbacks : RHP Javier Montés
Batting: RHB Jaime Burgos 0-0: Swinging Strike
0-1: Ball
1-1: DOUBLE (Line Drive, 8RXD, EV 113.1 MPH)
Batting: RHB Josip Primorac 0-0: Called Strike
0-1: Ball
1-1: Foul Ball, location: 2F
1-2: Foul Ball, location: 2F
1-2: Ball
2-2: Ball
3-2: Foul Ball, location: 2F
3-2: Strikes out looking
Batting: RHB Jack Bonner 0-0: Called Strike
0-1: Foul Ball, location: 2F
0-2: Foul Ball, location: 2F
0-2: Foul Ball, location: 2F
0-2: Ball
1-2: SINGLE (Line Drive, 56D, EV 105.6 MPH)
Jaime Burgos to third
Runner from 3rd tries for Home, SAFE, throw by LF to home
Batting: RHB Curt Taylor 0-0: Fly out, F7 (Flyball, 7S, EV 75.0 MPH)
Batting: RHB António Avery 0-0: Ball
1-0: Swinging Strike
Pickoff Throw to First - Out! 1-3
Top of the 2nd over - 1 run, 2 hits, 0 errors, 0 left on base; Plymouth 1 - Alaskan 1
BOTTOM OF THE 2ND
Alaskan Humpbacks batting - Pitching for Plymouth Rocks : RHP Sidney Petty
Batting: RHB Patrick Goodhardt 0-0: Ball
1-0: Ball
2-0: Swinging Strike
2-1: Swinging Strike
2-2: Fly out, F7 (Flyball, 78XD, EV 97.5 MPH)
Batting: LHB Roberts Hamhock 0-0: Ground out 6-3 (Groundball, 6M, EV 86.9 MPH)
Batting: LHB Carlos Castro 0-0: Called Strike
0-1: Foul Ball, location: 2F
0-2: Fly out, F8 (Flyball, 8LD, EV 80.6 MPH)
Bottom of the 2nd over - 0 runs, 0 hits, 0 errors, 0 left on base; Plymouth 1 - Alaskan 1
TOP OF THE 3RD
Plymouth Rocks batting - Pitching for Alaskan Humpbacks : RHP Javier Montés
Batting: RHB António Avery 0-0: Ball
1-0: Ball
2-0: Foul Ball, location: 2F
2-1: SINGLE (Line Drive, 89M, EV 98.1 MPH)
Batting: LHB You-liang Yang 0-0: Ball
1-0: SINGLE (Line Drive, 6MD, EV 113.1 MPH)
António Avery to second
Batting: RHB Elias den Blick 0-0: Ball
1-0: Swinging Strike
1-1: SINGLE (Groundball, 5, EV 85.6 MPH) (infield hit)
António Avery to third
You-liang Yang to second
Batting: LHB Jesús Guillén 0-0: Called Strike
0-1: Ball
1-1: Ball
2-1: Called Strike
2-2: Ball
3-2: SINGLE (Line Drive, 4D, EV 101.9 MPH)
António Avery scores
You-liang Yang to third
Elias den Blick to second
Batting: LHB Rafael Martínez 0-0: Ball
1-0: Ball
2-0: Foul Ball, location: 2F
2-1: Foul Ball, location: 2F
2-2: Fly out, F8 (Flyball, 8LM, EV 89.4 MPH)
Runner from 3rd tags up, SCORES, no throw by CF
Batting: RHB Jaime Burgos 0-0: Foul Ball, location: 2F
0-1: Foul Ball, location: 2F
0-2: Ball
1-2: Ball
2-2: Fly out, F7 (Flyball, 7, EV 91.2 MPH)
Batting: RHB Josip Primorac 0-0: Ball
1-0: Called Strike
1-1: Fly out, F9 (Flyball, 9, EV 91.2 MPH)
Top of the 3rd over - 2 runs, 4 hits, 0 errors, 2 left on base; Plymouth 3 - Alaskan 1
BOTTOM OF THE 3RD
Alaskan Humpbacks batting - Pitching for Plymouth Rocks : RHP Sidney Petty
Batting: LHB Roberto Baca 0-0: Ball
1-0: Swinging Strike
1-1: Ground out 5-3 (Groundball, 56, EV 98.8 MPH)
Batting: RHB Kyle Goodbrand 0-0: Ball
1-0: Called Strike
1-1: Ball
2-1: Ground out 1-3 (Groundball, 15S, EV 65.0 MPH)
Batting: RHB Christiaan Bunschoten 0-0: Called Strike
0-1: Called Strike
0-2: Foul Ball, location: 2F
0-2: Ball
1-2: Foul Ball, location: 2F
1-2: DOUBLE (Line Drive, 89XD, EV 110.6 MPH)
Batting: LHB Pat Pending 0-0: SINGLE (Line Drive, 56D, EV 97.5 MPH)
Christiaan Bunschoten to third
Runner from 3rd tries for Home, SAFE, no throw by LF
Batting: LHB Teng Xuefeng 0-0: Called Strike
0-1: Ball
1-1: Foul Ball, location: 2F
1-2: Strikes out looking
Bottom of the 3rd over - 1 run, 2 hits, 0 errors, 1 left on base; Plymouth 3 - Alaskan 2
TOP OF THE 4TH
Plymouth Rocks batting - Pitching for Alaskan Humpbacks : RHP Javier Montés
Batting: RHB Jack Bonner 0-0: Swinging Strike
0-1: Ball
1-1: Foul Ball, location: 2F
1-2: Ball
2-2: Strikes out looking
Batting: RHB Curt Taylor 0-0: Ground out 1-3 (Groundball, 15S, EV 70.6 MPH)
Batting: RHB António Avery 0-0: Ground out 6-3 (Groundball, 6, EV 103.1 MPH)
Top of the 4th over - 0 runs, 0 hits, 0 errors, 0 left on base; Plymouth 3 - Alaskan 2
BOTTOM OF THE 4TH
Alaskan Humpbacks batting - Pitching for Plymouth Rocks : RHP Sidney Petty
Batting: LHB Marc Hayman 0-0: Called Strike
0-1: Ball
1-1: SOLO HOME RUN (Flyball, 7LD, EV 105.6 MPH), Distance : 355 ft
Batting: RHB Patrick Goodhardt 0-0: Ball
1-0: Called Strike
1-1: Ball
2-1: Ball
3-1: Fly out, F8 (Flyball, 8LS, EV 79.4 MPH)
Batting: LHB Roberts Hamhock 0-0: Ball
1-0: Ball
2-0: DOUBLE (Line Drive, 7LM, EV 106.2 MPH)
Batting: LHB Carlos Castro 0-0: Ball
1-0: Ball
2-0: Ball
3-0: Called Strike
3-1: Called Strike
3-2: Foul Ball, location: 2F
3-2: Foul Ball, location: 2F
3-2: Foul Ball, location: 2F
3-2: Strikes out swinging
Batting: LHB Roberto Baca 0-0: Called Strike
0-1: Ball
1-1: Foul Ball, location: 2F
1-2: Ball
2-2: Foul Ball, location: 2F
2-2: Ball
3-2: Base on Balls
Batting: RHB Kyle Goodbrand 0-0: Ball
1-0: Foul Ball, location: 2F
1-1: Ball
2-1: Foul Ball, location: 2F
2-2: Foul Ball, location: 2F
2-2: Ball
3-2: Base on Balls
Roberts Hamhock to third
Roberto Baca to second
Batting: RHB Christiaan Bunschoten 0-0: Called Strike
0-1: Foul Ball, location: 2F
0-2: Fly out, F7 (Line Drive, 7, EV 90.0 MPH)
Bottom of the 4th over - 1 run, 2 hits, 0 errors, 3 left on base; Plymouth 3 - Alaskan 3
TOP OF THE 5TH
Plymouth Rocks batting - Pitching for Alaskan Humpbacks : RHP Javier Montés
Batting: LHB You-liang Yang 0-0: Ball
1-0: Ground out U3 (Groundball, 34S, EV 87.5 MPH)
Batting: RHB Elias den Blick 0-0: Ball
1-0: Ball
2-0: Foul Ball, location: 2F
2-1: Foul Ball, location: 2F
2-2: Strikes out looking
Batting: LHB Jesús Guillén 0-0: Called Strike
0-1: Ball
1-1: Swinging Strike
1-2: Ball
2-2: Ball
3-2: Base on Balls
Pitching: LHP Yushua Wazir
Batting: LHB Rafael Martínez 0-0: Called Strike
0-1: Ball
1-1: Ball
2-1: Foul Ball, location: 2F
2-2: Fly out, F9 (Flyball, 9S, EV 80.0 MPH)
Top of the 5th over - 0 runs, 0 hits, 0 errors, 1 left on base; Plymouth 3 - Alaskan 3
BOTTOM OF THE 5TH
Alaskan Humpbacks batting - Pitching for Plymouth Rocks : RHP Sidney Petty
Batting: LHB Pat Pending 0-0: Ground out 1-3 (Groundball, 34S, EV 68.8 MPH)
Batting: LHB Teng Xuefeng 0-0: Foul Ball, location: 2F
0-1: Ball
1-1: Foul Ball, location: 2F
1-2: Fly out, F4 (Popup, 4, EV 64.4 MPH)
Batting: LHB Marc Hayman 0-0: Ground out 1-3 (Groundball, 23, EV 83.1 MPH)
Bottom of the 5th over - 0 runs, 0 hits, 0 errors, 0 left on base; Plymouth 3 - Alaskan 3
TOP OF THE 6TH
Plymouth Rocks batting - Pitching for Alaskan Humpbacks : LHP Yushua Wazir
Batting: RHB Jaime Burgos 0-0: Ball
1-0: Ball
2-0: Foul Ball, location: 2F
2-1: Ground out 4-3 (Groundball, 4, EV 91.2 MPH)
Batting: RHB Josip Primorac 0-0: Called Strike
0-1: Fly out, F8 (Line Drive, 8RM, EV 86.9 MPH)
Batting: RHB Jack Bonner 0-0: Ball
1-0: Foul Ball, location: 2F
1-1: Ball
2-1: Fly out, F9 (Flyball, 89S, EV 80.6 MPH)
Top of the 6th over - 0 runs, 0 hits, 0 errors, 0 left on base; Plymouth 3 - Alaskan 3
BOTTOM OF THE 6TH
Alaskan Humpbacks batting - Pitching for Plymouth Rocks : RHP Sidney Petty
Batting: RHB Patrick Goodhardt 0-0: Called Strike
0-1: Ball
1-1: Fly out, F9 (Line Drive, 9, EV 108.8 MPH)
Batting: LHB Roberts Hamhock 0-0: Called Strike
0-1: SINGLE (Line Drive, 4D, EV 107.5 MPH)
Batting: LHB Carlos Castro 0-0: Swinging Strike
0-1: Ball
1-1: Ball
2-1: Grounds into double play, 4-6-3 (Groundball, 4, EV 91.9 MPH)
Bottom of the 6th over - 0 runs, 1 hit, 0 errors, 0 left on base; Plymouth 3 - Alaskan 3
TOP OF THE 7TH
Plymouth Rocks batting - Pitching for Alaskan Humpbacks : LHP Yushua Wazir
Batting: RHB Curt Taylor 0-0: Ground out 6-3 (Groundball, 6, EV 89.4 MPH)
Batting: RHB António Avery 0-0: Ball
1-0: Called Strike
1-1: Ball
2-1: Foul Ball, location: 2F
2-2: Ground out 6-3 (Groundball, 6, EV 76.9 MPH)
Batting: LHB You-liang Yang 0-0: Ball
1-0: Called Strike
1-1: Swinging Strike
1-2: Foul Ball, location: 2F
1-2: Foul Ball, location: 2F
1-2: Ball
2-2: Strikes out swinging
Top of the 7th over - 0 runs, 0 hits, 0 errors, 0 left on base; Plymouth 3 - Alaskan 3
BOTTOM OF THE 7TH
Alaskan Humpbacks batting - Pitching for Plymouth Rocks : RHP Sidney Petty
Batting: LHB Roberto Baca 0-0: Ball
1-0: Ground out 4-3 (Groundball, 4, EV 81.9 MPH)
Batting: RHB Kyle Goodbrand 0-0: Called Strike
0-1: Called Strike
0-2: SINGLE (Line Drive, 4D, EV 103.8 MPH)
Batting: RHB Christiaan Bunschoten 0-0: Ball
1-0: Called Strike
1-1: Called Strike
1-2: Foul Ball, location: 2F
1-2: Ground out 5-3 (Groundball, 56S, EV 71.9 MPH)
Kyle Goodbrand to second
Pitching: RHP T.J. Juckson
Batting: LHB Pat Pending Balk!
Kyle Goodbrand to third
0-0: Called Strike
0-1: Swinging Strike
0-2: Fly out, F4 (Popup, 34D, EV 61.9 MPH)
Bottom of the 7th over - 0 runs, 1 hit, 0 errors, 1 left on base; Plymouth 3 - Alaskan 3
TOP OF THE 8TH
Plymouth Rocks batting - Pitching for Alaskan Humpbacks : LHP Yushua Wazir
Batting: RHB Elias den Blick 0-0: Ball
1-0: Called Strike
1-1: Called Strike
1-2: Strikes out swinging
Batting: LHB Jesús Guillén 0-0: Called Strike
0-1: Ball
1-1: Ball
2-1: Ball
3-1: Called Strike
3-2: Foul Ball, location: 2F
3-2: Foul Ball, location: 2F
3-2: Foul Ball, location: 2F
3-2: SINGLE (Groundball, 6MD, EV 101.2 MPH)
Batting: LHB Rafael Martínez 0-0: Ball
1-0: Fielders Choice at 2nd, 5-4 (Groundball, 56, EV 87.5 MPH)
Batting: RHB Jaime Burgos 0-0: Ball
Passed Ball!
Rafael Martínez to second
1-0: Ground out 5-3 (Groundball, 56, EV 80.6 MPH)
Top of the 8th over - 0 runs, 1 hit, 0 errors, 1 left on base; Plymouth 3 - Alaskan 3
BOTTOM OF THE 8TH
Alaskan Humpbacks batting - Pitching for Plymouth Rocks : RHP T.J. Juckson
Batting: LHB Teng Xuefeng 0-0: Foul Ball, location: 2F
0-1: Swinging Strike
0-2: Strikes out swinging, 2-3 out at first.
Batting: LHB Marc Hayman 0-0: Ball
1-0: Ground out 6-3 (Groundball, 6, EV 103.1 MPH)
Batting: RHB Patrick Goodhardt 0-0: Called Strike
0-1: Swinging Strike
0-2: Ground out 2-3 (Groundball, 2R, EV 66.2 MPH)
Bottom of the 8th over - 0 runs, 0 hits, 0 errors, 0 left on base; Plymouth 3 - Alaskan 3
TOP OF THE 9TH
Plymouth Rocks batting - Pitching for Alaskan Humpbacks : LHP Yushua Wazir
Batting: RHB Josip Primorac 0-0: Called Strike
0-1: Ball
1-1: Foul Ball, location: 2F
1-2: Ball
2-2: SOLO HOME RUN (Flyball, 7D, EV 98.8 MPH), Distance : 378 ft
Batting: RHB Jack Bonner 0-0: Called Strike
0-1: Ball
1-1: DOUBLE (Line Drive, 9LM, EV 111.2 MPH)
Batting: RHB Curt Taylor 0-0: Intentional Walk
Pitching: RHP Kingston Liniak
Pinch Runner at 2nd Daniel Divina:
Batting: RHB António Avery 0-0: Called Strike
0-1: SINGLE (Groundball, 4D, EV 96.9 MPH)
Daniel Divina to third
Curt Taylor to second
Runner from 3rd tries for Home, SAFE, throw by CF to home
Batting: LHB You-liang Yang 0-0: Ball
1-0: Foul Ball, location: 2F
1-1: Ball
2-1: Called Strike
2-2: Foul Ball, location: 2F
2-2: Ball
3-2: Base on Balls
Curt Taylor to third
António Avery to second
Batting: RHB Elias den Blick 0-0: SINGLE (Groundball, 34, EV 96.2 MPH)
Curt Taylor scores
António Avery to third
You-liang Yang to second
Runner from 3rd tries for Home, SAFE, no throw by RF
Batting: LHB Jesús Guillén 0-0: Called Strike
0-1: Called Strike
0-2: Fielders Choice at 2nd, 4-6 (Groundball, 4M, EV 81.2 MPH)
You-liang Yang to third
Batting: LHB Rafael Martínez 0-0: Ball
1-0: Ball
2-0: Called Strike
2-1: Fly out, F7 (Flyball, 78D, EV 91.9 MPH)
Runner from 3rd tags up, SCORES, no throw by LF
Batting: RHB Jaime Burgos 0-0: Fly out, F9 (Line Drive, 9, EV 91.9 MPH)
Top of the 9th over - 5 runs, 4 hits, 0 errors, 1 left on base; Plymouth 8 - Alaskan 3
BOTTOM OF THE 9TH
Alaskan Humpbacks batting - Pitching for Plymouth Rocks : RHP T.J. Juckson
Now at C: Dae-ik Park
Batting: LHB Roberts Hamhock 0-0: Ball
1-0: Ball
2-0: Called Strike
2-1: Foul Ball, location: 2F
2-2: Ball
3-2: Ground out 4-3 (Groundball, 4, EV 103.1 MPH)
Batting: LHB Carlos Castro 0-0: Ball
1-0: Swinging Strike
1-1: Ball
2-1: Ball
3-1: Base on Balls
Batting: LHB Roberto Baca 0-0: Ball
1-0: Foul Ball, location: 2F
1-1: Fly out, F8 (Flyball, 8RS, EV 73.1 MPH)
Batting: RHB Kyle Goodbrand 0-0: Foul Ball, location: 2F
0-1: Foul Ball, location: 2F
0-2: Ground out 4-3 (Groundball, 4, EV 81.9 MPH)
Bottom of the 9th over - 0 runs, 0 hits, 0 errors, 1 left on base; Plymouth 8 - Alaskan 3
Friday, March 26th, 2021 - OOTP Baseball 20.8 Build 74